 Dungeon Crawl Stone Soup version 0.20.1-1-g8b1a95d (console) character file.

11462 hilaritas the Blocker (level 11, -2/96 HPs)
             Began as a Deep Dwarf Artificer on Dec 30, 2017.
             Was a Believer of Trog.
             Slain by a centaur (6 damage)
             ... on level 11 of the Dungeon.
             The game lasted 00:41:49 (9274 turns).

hilaritas the Blocker (Deep Dwarf Artificer)        Turns: 9274, Time: 00:41:50

Health: -2/96      AC:  8    Str: 21    XL:     11   Next: 49%
Magic:  6/6        EV: 15    Int: 12    God:    Trog [**....]
Gold:   251        SH:  0    Dex: 13    Spells: 10/10 levels left

rFire    . . .     SeeInvis +   I - +0 long sword
rCold    . . .     Gourm    .   k - +1 shield
rNeg     + . .     Faith    .   G - +0 scale mail of Filth {rN+ Str+2}
rPois    .         Spirit   .   (no helmet)
rElec    .         Reflect  .   (no cloak)
rCorr    .         Harm     .   (no gloves)
MR       +++..                  b - +0 pair of boots
Stlth    ..........             (no amulet)
Regen    1.0/turn               u - ring of see invisible
MPRegen  0.1/turn               r - +5 ring of evasion

@: confused, lethally poisoned (-2 -> -94), berserk cooldown, non-regenerating,
slowed, very slow
A: damage resistance, heal wounds, claws 1, sense surroundings 2, wild magic 1,
no regeneration
a: Heal Wounds, Berserk, Trog's Hand, Burn Spellbooks, Renounce Religion


You were on level 11 of the Dungeon.
You worshipped Trog.
Trog was pleased with you.
You were very hungry.

You visited 2 branches of the dungeon, and saw 12 of its levels.

You collected 750 gold pieces.
You spent 499 gold pieces at shops.

Inventory:

Hand Weapons
 a - a +0 short sword
 l - a +0 short sword of freezing
 m - a +0 long sword
 y - a +0 dagger of venom
 I - a +0 long sword (weapon)
Armour
 b - a +0 pair of boots (worn)
 k - a +1 shield (worn)
 G - the +0 scale mail of Filth (worn) {rN+ Str+2}
   (You found it on level 5 of the Dungeon)

   It affects your strength (+2).
   It protects you from negative energy.
Jewellery
 o - an uncursed ring of protection from fire
 r - a +5 ring of evasion (right claw)
 u - a ring of see invisible (left claw)
 v - an uncursed ring of protection from fire
 A - an uncursed ring of protection from cold
 B - an uncursed amulet of rage
 K - an uncursed ring of flight
 R - an uncursed ring of magical power
Wands
 c - a wand of flame (5/48)
 d - a wand of enslavement (15/24)
 e - a wand of random effects (15/48)
 D - a wand of flame (19/48)
 E - a wand of lightning (2/15)
 J - a wand of flame (28/48)
 M - a wand of digging (7/24)
 Q - a wand of paralysis (18/24)
 S - a wand of acid (8/15)
Scrolls
 q - 9 scrolls of teleportation
 x - a scroll of magic mapping
 C - 2 scrolls of recharging
 L - 2 scrolls of fog
 N - a scroll of fear
 T - a scroll of remove curse
Potions
 i - 5 potions of flight
 j - 2 potions of invisibility
 n - a potion of mutation
 p - 3 potions of magic
 s - 3 potions of heal wounds
 t - a potion of cancellation
 w - a potion of lignification
 F - a potion of brilliance
 H - 2 potions of agility
Comestibles
 f - 11 bread rations
 g - 4 meat rations
 h - 7 fruits
 z - 7 royal jellies


   Skills:
 + Level 5.5 Fighting
 - Level 0.8(5.8) Short Blades
 - Level 10.1 Long Blades
 + Level 5.6 Armour
 - Level 2.1 Dodging
 - Level 1.2 Stealth
 * Level 13.0 Shields
 * Level 6.9 Evocations


You had 10 spell levels left.
You didn't know any spells.

Dungeon Overview and Level Annotations

Branches:
Dungeon (11/15)            Temple (1/1) D:7            Lair (0/6) D:8
    Orc (0/2) D:10

Altars:
Ashenzari
Cheibriados
Dithmenos
Elyvilon
Fedhas
Gozag
Hepliaklqana
Kikubaaqudgha
Makhleb
Nemelex Xobeh
Okawaru
Qazlal
Ru
Sif Muna
Trog
Uskayaw
Vehumet
Xom
Yredelemnul
Zin
The Shining One

Shops:
D:8 =*   D:10 [

Annotations:
D:11 Sonja


Innate Abilities, Weirdness & Mutations

You are resistant to damage.
You can heal yourself by infusing magical energy.
You passively map the area around you.
You do not regenerate.
You have sharp fingernails.
Your spells are a little harder to cast, but a little more powerful.


Message History

* * * LOW HITPOINT WARNING * * *
You are more poisoned.
Sonja hits you with an uncursed short sword of venom.
You are more poisoned.
Sonja hits you with an uncursed short sword of venom.
* * * LOW HITPOINT WARNING * * *
You are more poisoned.
The centaur barely misses you.
* * * LOW HITPOINT WARNING * * *
You feel extremely sick. Sonja hits you but does no damage.
You are more poisoned.
Sonja misses you. Sonja closely misses you.
The centaur hits you but does no damage.
Sonja hits you but does no damage.
You are more poisoned.
Sonja hits you but does no damage.
You are more poisoned.
Sonja misses you. The centaur hits you!
You die...

* *, * * * , , * *
** , ,, * , ,, * ,
** , ,* *
############## * ,
.....#.......# , ,*
####.#.#####.#,#####
*
...#.#.#...#.#.#.K(#
.#.#.#...#.#.#.c@#)#
##.#.#####.#.#####.#
...#.......#.((()))#
####################
,,* # # * * * # *,,
, , + * *,,, , * # ,
* , , #* , ,* , ,


You could see Sonja and a centaur.

Vanquished Creatures
  Snorg (D:10)
  2 two-headed ogres
  An unseen horror (D:9)
  A manticore (D:10)
  A cyclops (D:10)
  2 trolls
  3 hippogriffs
  A spriggan (D:7)
  2 wyverns
  4 yaks (D:9)
  3 water moccasins
  Duvessa (D:7)
  2 hell hounds (D:8)
  7 ice beasts
  5 phantoms
  A sky beast (D:9)
  A black bear (D:9)
  9 ogres
  8 centaurs
  6 bullfrogs
  4 scorpions
  Dowan (D:7)
  7 wights
  3 killer bees (D:8)
  A troll skeleton (D:9)
  2 spriggan skeletons (D:9)
  2 howler monkeys (D:10)
  7 crimson imps
  A bullfrog zombie (D:10)
  2 quasits
  4 centaur skeletons
  3 hounds
  A jelly (D:5)
  4 orc priests
  A bullfrog skeleton (D:9)
  An iguana (D:6)
  5 orc wizards
  9 worker ants
  A howler monkey skeleton (D:5)
  A worker ant zombie (D:5)
  6 gnolls
  12 adders
  2 shadow imps
  An ooze (D:6)
  6 adder skeletons
  An adder zombie (D:8)
  3 worms
  A dart slug (D:1)
  9 leopard geckos
  17 orcs
  8 bats
  2 giant cockroaches
  6 goblins
  11 hobgoblins
  9 kobolds
  7 quokkas
  9 frilled lizards
  A jackal skeleton (D:5)
  A leopard gecko skeleton (D:4)
  2 quokka skeletons (D:4)
  7 rats
  A plant (D:2)
243 creatures vanquished.

Notes
Turn   | Place    | Note
-------+----------+-------------------------------------------
     0 | D:1      | hilaritas the Deep Dwarf Artificer began the quest for the Orb.
     0 | D:1      | Reached XP level 1. HP: 16/16 MP: 3/3
    10 | D:1      | Reached skill level 1 in Fighting
    86 | D:1      | Reached XP level 2. HP: 13/26 MP: 5/5
   294 | D:1      | Reached skill level 1 in Armour
   544 | D:1      | Reached skill level 1 in Shields
   708 | D:2      | Reached XP level 3. HP: 8/32 MP: 6/6
  1648 | D:3      | Reached XP level 4. HP: 7/40 MP: 7/7
  1652 | D:3      | Reached skill level 2 in Shields
  1855 | D:3      | Reached skill level 3 in Shields
  2052 | D:3      | Reached XP level 5. HP: 22/46 MP: 8/8
  2484 | D:4      | Reached skill level 4 in Shields
  2572 | D:4      | Reached XP level 6. HP: 31/55 MP: 9/9
  2782 | D:4      | Reached skill level 5 in Shields
  2873 | D:4      | Reached skill level 6 in Shields
  2873 | D:4      | Reached XP level 7. HP: 10/61 MP: 10/10
  3148 | D:5      | Entered Level 5 of the Dungeon
  3538 | D:5      | Got a pitted scale mail
  3549 | D:5      | Identified the +0 scale mail of Filth {rN+ Str+2} (You found it on level 5 of the Dungeon)
  3565 | D:5      | Reached skill level 7 in Shields
  3872 | D:6      | Reached skill level 1 in Long Blades
  3872 | D:6      | Reached XP level 8. HP: 45/69 MP: 10/10
  4179 | D:6      | Reached skill level 8 in Shields
  4472 | D:6      | Reached skill level 5 in Long Blades
  4938 | D:7      | Reached skill level 9 in Shields
  4938 | D:7      | Gained mutation: You passively map the area around you. [Deep Dwarf growth]
  4938 | D:7      | Reached XP level 9. HP: 44/76 MP: 9/9
  5107 | D:7      | Found a staircase to the Ecumenical Temple.
  5111 | Temple   | Entered the Ecumenical Temple
  5227 | Temple   | Became a worshipper of Trog the Wrathful
  5352 | D:7      | Noticed Duvessa
  5352 | D:7      | Noticed Dowan
  5381 | D:7      | Killed Dowan
  5399 | D:7      | Killed Duvessa
  5863 | D:8      | Reached skill level 10 in Shields
  5943 | D:8      | Found a staircase to the Lair.
  6176 | D:8      | Reached * piety under Trog
  6327 | D:8      | Noticed a two-headed ogre
  6341 | D:8      | Killed a two-headed ogre
  6341 | D:8      | Reached XP level 10. HP: 34/86 MP: 6/6
  6355 | D:8      | Found Ycienien's Jewellery Boutique.
  6358 | D:8      | Bought an uncursed ring of protection from cold for 325 gold pieces
  6405 | D:8      | Found Lyhiq's Assorted Antiques.
  6408 | D:8      | Bought a scroll labeled ZUTZUV DASH for 29 gold pieces
  6662 | D:9      | Reached skill level 11 in Shields
  7005 | D:9      | Reached skill level 5 in Evocations
  7359 | D:9      | Reached ** piety under Trog
  7404 | D:9      | Noticed an unseen horror
  7417 | D:9      | Killed an unseen horror
  7417 | D:9      | Reached skill level 10 in Long Blades
  7702 | D:10     | Entered Level 10 of the Dungeon
  7702 | D:10     | Found Haoh's Antique Armour Shop.
  7702 | D:10     | Found a staircase to the Orcish Mines.
  7715 | D:10     | Noticed Snorg
  7734 | D:10     | Killed Snorg
  7734 | D:10     | Reached skill level 5 in Fighting
  7735 | D:10     | Reached skill level 5 in Armour
  7735 | D:10     | Reached XP level 11. HP: 41/94 MP: 6/6
  7894 | D:8      | Bought a small zirconium amulet for 145 gold pieces
  7966 | D:10     | Found a runed door.
  8312 | D:10     | Reached skill level 12 in Shields
  8474 | D:10     | Noticed a two-headed ogre
  8670 | D:10     | Found a runed door.
  8905 | D:10     | Killed a two-headed ogre
  9164 | D:11     | Gained mutation: Your spells are a little harder to cast, but a little more powerful. [potion of mutation]
  9164 | D:11     | Gained mutation: You have sharp fingernails. [potion of mutation]
  9235 | D:11     | Reached skill level 13 in Shields
  9236 | D:11     | Noticed Sonja
  9273 | D:11     | HP: 9/96 [Sonja/uncursed short sword of venom (2)]
  9274 | D:11     | HP: 4/96 [poisoned by Sonja]
  9274 | D:11     | Slain by a centaur

Skill      XL: |  1  2  3  4  5  6  7  8  9 10 11 |
---------------+----------------------------------+-----
Fighting       | 1 2 3 4 5 |  5.5
Armour         | 1 2 3 4 5 |  5.6
Shields        | 1 3 4 6 7 9 10 11 13 | 13.0
Long Blades    | 1 5 8 10 | 10.1
Evocations     | 5 6 |  6.9
Short Blades   | |  0.8
Dodging        | |  2.1
Stealth        | |  1.2

Action                   |  1- 3 |  4- 6 |  7- 9 | 10-12 || total
-------------------------+-------+-------+-------+-------++-------
Melee: Short sword       |   243 |   157 |     4 |       ||   404
       Dagger            |       |   162 |   160 |       ||   322
       Long sword        |       |       |   519 |   577 ||  1096
Throw: Throwing net      |       |       |       |     1 ||     1
Invok: Burn Spellbooks   |       |       |     1 |       ||     1
       Trog's Hand       |       |       |       |     8 ||     8
       Berserk           |       |       |       |     5 ||     5
 Abil: Heal Wounds       |     1 |     4 |    19 |    16 ||    40
Evoke: Wand              |       |    15 |    25 |     1 ||    41
  Use: Scroll            |     8 |     3 |     8 |     7 ||    26
       Potion            |       |       |     5 |     2 ||     7
 Stab: Sleeping          |     1 |       |       |       ||     1
       Held in net/web   |       |       |       |     1 ||     1
  Eat: Chunk             |     3 |     4 |    13 |    16 ||    36
       Fruit             |       |       |       |     2 ||     2
Armor: Leather armour    |     9 |       |       |       ||     9
       Chain mail        |    48 |   138 |    21 |       ||   207
       Scale mail        |       |       |   121 |   131 ||   252
       Skin              |       |       |    25 |       ||    25
Dodge: Dodged            |    62 |   143 |   316 |   321 ||   842
Block: Shield            |    46 |   147 |   426 |   427 ||  1046
       Rpst.: Long sword |       |       |    80 |    71 ||   151
